 Dungeon Sprint DCSS version 0.26.1-11-gd32895ea62 (webtiles) character file.

Game seed: 6170416016646318059

2136 Zeld the Severer (level 9, 0/129 HPs)
             Began as a Minotaur Berserker on June 7, 2021.
             Was the Champion of Trog.
             Slain by a merfolk
             ... wielding a +0 trident
              (6 damage)
             ... in the Dungeon (Sprint VII: "The Pits").
             The game lasted 00:02:57 (2380 turns).

Zeld the Severer (Minotaur Berserker)               Turns: 2380, Time: 00:02:58

Health: 0/129      AC:  0    Str: 28    XL:     9   Next: 9%
Magic:  8/8        EV: 19    Int:  4    God:    Trog [******]
Gold:   0          SH:  0    Dex: 10    Spells: 8/8 levels left

rFire    . . .     SeeInvis +   p - +2 executioner's axe of Perfectionism {vorpal, rPois SInv Stlth+}
rCold    . . .     Faith    .   (shield currently unavailable)
rNeg     . . .     Spirit   .   b - +0 animal skin
rPois    +         Reflect  .   (helmet restricted)
rElec    .         Harm     .   q - +0 cloak
rCorr    .         Rampage  .   (no gloves)
Will     .....     NoTele   +   (no boots)
Stlth    ..........             (no amulet)
HPRegen  0.31/turn              l - +3 ring of evasion
MPRegen  0.11/turn              n - +3 ring of strength

@: berserking, corroded, very quick
A: retaliatory headbutt, horns 2
a: Renounce Religion, Berserk, Trog's Hand, Brothers in Arms


You were in the Dungeon.
You worshipped Trog.
Trog was exalted by your worship.
You visited 1 branch

Inventory:

Hand Weapons
 a - a +2 war axe of freezing
 p - the +2 executioner's axe of Perfectionism (weapon) {vorpal, rPois SInv Stlth+}
   (Trog gifted it to you in the Dungeon)

   It inflicts extra damage upon your enemies.
   It protects you from poison.
   It lets you see invisible.
   It makes you more stealthy.
Armour
 b - a +0 animal skin (worn)
 q - a +0 cloak (worn)
Jewellery
 l - a +3 ring of evasion (left hand)
 n - a +3 ring of strength (right hand)
Scrolls
 h - a scroll of blinking
 j - 3 scrolls of remove curse
 k - a scroll of summoning
Potions
 c - 10 potions of curing
 d - 7 potions of heal wounds
 e - a potion of haste
 f - 4 potions of magic
 g - 3 potions of berserk rage
 i - 2 potions of invisibility
 m - 2 potions of might
 o - a potion of resistance


   Skills:
 - Level 10.9 Fighting
 * Level 16.2 Axes
 - Level 10.6 Armour
 - Level 9.8 Dodging


You had 8 spell levels left.
You didn't know any spells.
Your spell library was empty.

Dungeon Overview and Level Annotations

Branches:
Dungeon (1/1)

Altars:
Ashenzari
Cheibriados
Dithmenos
Elyvilon
Fedhas
Gozag
Hepliaklqana
Kikubaaqudgha
Makhleb
Nemelex Xobeh
Okawaru
Qazlal
Ru
Sif Muna
Trog
Uskayaw
Vehumet
Wu Jian
Xom
Yredelemnul
Zin
The Shining One
Beogh
Jiyva
Lugonu


Innate Abilities, Weirdness & Mutations

You reflexively headbutt those who attack you in melee.
You have a pair of horns on your head.


Message History

Trog grants you a weapon!
You hit the merfolk. You slice the iron imp!!
You kill the iron imp!
Trog accepts your kill. The merfolk hits you with a +0 trident.
* * * LOW HITPOINT WARNING * * *
Your Axes skill increases to level 16!
You have reached level 9!
Your experience leads to an increase in your attributes!
Your base attributes are Str 24, Int 4, Dex 10.
Increase (S)trength, (I)ntelligence, or (D)exterity?
You feel stronger.
You closely miss the merfolk. Your headbutt misses the merfolk.
The merfolk is severely wounded.
Unknown command.
You slice the acid dragon!!
You kill the acid dragon!
Trog accepts your kill.
You closely miss the merfolk. The merfolk hits you with a +0 trident.
You die...

..##.......##''#####
..##.......##......+ .+
####.......##......+..+
..##...<...##.....##..#
..##.......##...###....#
..##.......##(.##.......
####.......##''#...#..#.
..###########......○○°..
.############++#@)R#.○#
.#....#..[[# ##m......
)#)...#...[# ##....#
.'....'..))# ..##
'#....#..))# .+
)#....#..).# +
############


You could see a merfolk and an efreet.

Vanquished Creatures
  A deep elf mage (D)
  An elephant (D)
  Maurice (D)
  A hellwing (D)
  A warg (D)
  A small abomination (D)
  An acid dragon (D)
  2 water moccasins (D)
  A wolf (D)
  A bullfrog (D)
  A quasit (D)
  A hound (D)
  An orc priest (D)
  An orc wizard (D)
  An iron imp (D)
  Jessica (D)
  A gnoll shaman (D)
  A mummy (D)
  4 gnolls (D)
  2 adders (D)
  A white imp (D)
  4 orcs (D)
  A ball python (D)
  A giant cockroach (D)
  A hobgoblin (D)
  3 quokkas (D)
  A frilled lizard (D)
37 creatures vanquished.

Notes
Turn   | Place    | Note
-------+----------+-------------------------------------------
     0 | D        | Zeld the Minotaur Berserker began the quest for the Orb.
     0 | D        | Reached XP level 1. HP: 19/19 MP: 0/0
    15 | D        | Reached skill level 4 in Axes
    19 | D        | Found a bloodstained altar of Trog.
    19 | D        | Found a shimmering blue altar of Sif Muna.
    19 | D        | Found a viscous altar of Jiyva.
    19 | D        | Found a hazy altar of Hepliaklqana.
    19 | D        | Found an opulent altar of Gozag.
    20 | D        | Found a glowing golden altar of the Shining One.
    20 | D        | Found a glowing silver altar of Zin.
    20 | D        | Found a basalt altar of Yredelemnul.
    20 | D        | Found a shimmering altar of Xom.
    20 | D        | Found an ornate altar of the Wu Jian Council.
    20 | D        | Found a sacrificial altar of Ru.
    20 | D        | Found a stormy altar of Qazlal.
    20 | D        | Found an iron altar of Okawaru.
    20 | D        | Found a sparkling altar of Nemelex Xobeh.
    20 | D        | Found a burning altar of Makhleb.
    20 | D        | Found a blossoming altar of Fedhas.
    20 | D        | Found a white marble altar of Elyvilon.
    20 | D        | Found a shadowy altar of Dithmenos.
    20 | D        | Found a snail-covered altar of Cheibriados.
    22 | D        | Found a corrupted altar of Lugonu.
    22 | D        | Found a radiant altar of Vehumet.
    22 | D        | Found a roughly hewn altar of Beogh.
    23 | D        | Found an ancient bone altar of Kikubaaqudgha.
    23 | D        | Found a hide-covered altar of Uskayaw.
    23 | D        | Found a broken altar of Ashenzari.
    68 | D        | Reached skill level 6 in Axes
    68 | D        | Reached XP level 2. HP: 20/26 MP: 1/1
   178 | D        | Reached ** piety under Trog
   406 | D        | Noticed a water moccasin
   408 | D        | Reached *** piety under Trog
   409 | D        | Reached skill level 7 in Axes
   411 | D        | Killed a water moccasin
   412 | D        | Reached skill level 11 in Axes
   412 | D        | Reached XP level 3. HP: 30/31 MP: 2/2
   412 | D        | Reached XP level 4. HP: 37/39 MP: 3/3
   823 | D        | Noticed a water moccasin
   860 | D        | Reached skill level 12 in Axes
   862 | D        | Reached **** piety under Trog
   863 | D        | Reached XP level 5. HP: 10/45 MP: 4/4
   866 | D        | Reached skill level 13 in Axes
   877 | D        | Reached ***** piety under Trog
   881 | D        | Reached skill level 14 in Axes
  1098 | D        | Reached skill level 5 in Fighting
  1098 | D        | Reached XP level 6. HP: 50/56 MP: 5/5
  1127 | D        | Reached skill level 5 in Armour
  1128 | D        | Noticed an elephant
  1137 | D        | Killed an elephant
  1137 | D        | Received a gift from Trog
  1138 | D        | Reached XP level 7. HP: 22/69 MP: 6/6
  1511 | D        | Noticed a deep elf mage
  1520 | D        | Killed a deep elf mage
  1521 | D        | Reached XP level 8. HP: 79/79 MP: 7/7
  1526 | D        | Reached skill level 10 in Fighting
  1529 | D        | Reached skill level 10 in Armour
  1629 | D        | Noticed a hellwing
  1642 | D        | Killed a hellwing
  1642 | D        | Reached ****** piety under Trog
  1642 | D        | Received a gift from Trog
  1833 | D        | Got a slimy executioner's axe {god gift}
  1835 | D        | Identified the +2 executioner's axe of Perfectionism
                  | {vorpal, rPois SInv Stlth+} (Trog gifted it to you in the
                  | Dungeon)
  2197 | D        | Reached skill level 15 in Axes
  2370 | D        | Noticed a merfolk
  2371 | D        | Noticed Jessica
  2371 | D        | Noticed Maurice
  2372 | D        | Noticed an efreet
  2375 | D        | Killed Jessica
  2378 | D        | Killed Maurice
  2378 | D        | Received a gift from Trog
  2378 | D        | HP: 5/121 [merfolk/+0 trident (4)]
  2379 | D        | Reached skill level 16 in Axes
  2379 | D        | Reached XP level 9. HP: 5/86 MP: 8/8
  2380 | D        | Slain by a merfolk

Illustrated notes

Levels and vault maps discovered:
D:        pitsprint [storerooms_1, entrance_room_1, metal_vault_4, armoury_2,
          mini_pit_1, grid_room_1, main_hall_1, silver_pit, the_coven_3,
          the_vestibule_1, steel_vault_3, golden_pit, hallway_of_sentries,
          crystal_vault_1, iron_vault_2, final_vault]

Skill      XL: |  1  2  3  4  5  6  7  8 |
---------------+-------------------------+-----
Axes           | 6 11 12 14 16 | 16.2
Fighting       | 5 8 9 10 | 10.9
Armour         | 4 7 9 10 | 10.6
Dodging        | 3 7 8 9 |  9.8

Action                   |  1- 3 |  4- 6 |  7- 9 || total
-------------------------+-------+-------+-------++-------
Melee: Hand axe          |    15 |    35 |    24 ||    74
       Headbutt          |     2 |    12 |     3 ||    17
       Executioner's axe |       |       |    12 ||    12
Invok: Berserk           |     1 |     2 |     3 ||     6
       Trog's Hand       |       |     1 |       ||     1
  Use: Potion            |       |     1 |       ||     1
 Stab: Sleeping          |     1 |       |       ||     1
       Distracted        |       |       |     1 ||     1
Armor: Animal skin       |     2 |     4 |     2 ||     8
Dodge: Dodged            |    13 |    19 |    21 ||    53
